 Dungeon Crawl Stone Soup version 0.32-a0-468-g38b2580584 (webtiles) character file.

Game seed: 6151501046238027462

151 ezpacito the Trooper (level 5, -1/41 HPs)
             Began as a Demonspawn Chaos Knight on Feb 25, 2024.
             Was a Plaything of Xom.
             Slain by a gnoll bouda
             ... wielding a +0 whip
              (4 damage)
             ... on level 4 of the Dungeon.
             The game lasted 00:02:31 (1965 turns).

ezpacito the Trooper (Demonspawn Chaos Knight)      Turns: 1965, Time: 00:02:32

Health: -1/41      AC:  5    Str: 14    XL:     5   Next: 11%
Magic:  7/7        EV: 13    Int: 13    God:    Xom [..*...]
Gold:   162        SH:  0    Dex: 12    Spells: 3/6 levels left

rFire   . . .        a - +0 hand axe (chaos)
rCold   . . .        (no shield)
rNeg    . . .        b - +2 leather armour
rPois   .            (no helmet)
rElec   .            (no cloak)
rCorr   .            (no gloves)
SInv    .            (no boots)
Will    .....        (no amulet)
Stlth   +            (no ring)
HPRegen 0.26/turn    (no ring)
MPRegen 0.10/turn

%: no passive effects
@: about to teleport, weakened, studying Staves
A: claws 1, repulsion field 1, demonic magic 1
a: Renounce Religion


You were on level 4 of the Dungeon.
You worshipped Xom.
You were a toy of Xom.
You visited 1 branch of the dungeon, and saw 4 of its levels.

You collected 162 gold pieces.

Inventory:

Hand Weapons
 a - a +0 hand axe of chaos (weapon)
 j - the +2 sling of Xown {speed, rF- Dex+5}
   (You found it on level 2 of the Dungeon)

   Dex+5:     It affects your dexterity (+5).
   rF-:       It makes you vulnerable to fire.
Missiles
 m - 13 poisoned darts (quivered)
Armour
 b - a +2 leather armour (worn)
 h - a +0 chain mail
Talismans
 l - a beast talisman
Wands
 q - a wand of mindburst (20)
Scrolls
 e - a scroll of poison
 f - 2 scrolls of noise
 g - 2 scrolls of teleportation
 n - 3 scrolls of fear {unknown}
Potions
 c - a potion of lignification {unknown}
 k - a potion of brilliance {unknown}
 o - a potion of curing {unknown}
 p - 2 potions of ambrosia


   Skills:
 * Level 3.5 Fighting
 * Level 3.1 Axes
 + Level 0.8(2.2) Polearms
 + Level 0.6(0.9) Staves
 * Level 2.4 Armour
 * Level 1.5 Dodging
 + Level 0.8 Stealth
 * Level 1.3 Unarmed Combat
 * Level 1.4 Spellcasting
 + Level 0.4 Conjurations
 + Level 0.2 Evocations


You had 3 spell levels left.
You knew the following spells:

 Your Spells              Type           Power      Damage    Failure   Level
a - Hailstorm             Conj/Ice       1%         3d5       65%         3

Your spell library contained the following spells:

 Spells                   Type           Power      Damage    Failure   Level
 Shock                    Conj/Air       4%         1d3       30%         1
 Freeze                   Ice            0%         1d3       32%         1
 Frozen Ramparts          Ice            0%         1d1       69%         3
 Swiftness                Air            0%         N/A       69%         3
 Airstrike                Air            0%         2d(0-16)  97%         4


Dungeon Overview and Level Annotations

Branches:
Dungeon (4/15)             Temple (0/1) D:4

Altars:
Cheibriados
Fedhas
Ru
Sif Muna

Shops:
D:2 :   D:3 (


Innate Abilities, Weirdness & Mutations

You have sharp fingernails.
You are surrounded by a mild repulsion field. (EV +2)
Spells you cast may paralyse adjacent enemies.


Message History

You barely miss the gnoll.
The gnoll bouda calls upon its god to heal the gnoll.
The gnoll's wounds heal themselves!
The gnoll closely misses you.
Unknown command.
You hit the gnoll bouda but do no damage.
You hit the gnoll.
The gnoll convulses.
You barely miss the gnoll. The gnoll closely misses you.
The gnoll bouda calls upon its god to heal the gnoll.
The gnoll's wounds heal themselves!
The gnoll hits you with a +0 whip!
You hear a shout!
Unknown command.
You hit the gnoll bouda but do no damage.
The gnoll bouda seems to speed up.
You hit the gnoll but do no damage. You hit the gnoll.
The gnoll bouda calls upon its god to heal the gnoll.
The gnoll's wounds heal themselves!
The gnoll hits you with a +0 flail. The gnoll hits you but does no damage.
The gnoll bouda gazes fiercely through you!
You feel your attacks grow feeble. The gnoll bouda misses you.
The air fills with toxic fumes!
As you read the scroll of poison, it crumbles to dust.
The gnoll closely misses you. The gnoll bouda closely misses you.
The gnoll closely misses you.
As you read the scroll of teleportation, it crumbles to dust.
You feel strangely unstable. The gnoll bouda closely misses you.
The gnoll hits you with a +0 flail!
* * * LOW HITPOINT WARNING * * *
The gnoll hits you with a +0 whip.
* * * LOW HITPOINT WARNING * * *
The gnoll bouda misses you.
As you read the scroll labelled ERIOMMIUFF, it crumbles to dust.
You hear a loud clanging noise!
It was a scroll of noise.
You hear a shout!
The gnoll hits you with a +0 flail.
* * * LOW HITPOINT WARNING * * *
The gnoll bouda hits you with a +0 whip.
You die...
Xom laughs nastily!

....#..............+...........
....#..............#.§§§.......
....#..............#§§§§.......
...####'#########+##§§§........
######.....# #§§§§§§########..
.....'.....+ #§§§§§§# .
.....#.....# #§§§§§§#
.....#.....# #§§g§§§#
######.....#' #g@§§§§#
.......####§§§§g§§§§§§§§...#
.......# #§§§§§§§§§§§§§...#
.......# #§§§§§§§§§§§§§...#
.......# #§§§§§§§§§§§§§...#
######## ##################


You could see a gnoll bouda (fast) and 2 gnolls.

Vanquished Creatures
  An ogre (D:3)
  An adder (D:3)
  A dart slug (D:2)
  2 ball pythons
  7 bats
  5 endoplasms
  4 giant cockroaches
  5 goblins
  7 hobgoblins
  4 jackals (D:2)
  2 quokkas
  2 frilled lizards (D:2)
  5 kobolds
  4 rats
50 creatures vanquished.

Notes
Turn   | Place    | Note
-------+----------+-------------------------------------------
     0 | D:1      | ezpacito the Demonspawn Chaos Knight began the quest for
                  | the Orb.
     0 | D:1      | Reached XP level 1. HP: 18/18 MP: 1/1
    38 | D:1      | XOM: potion effect (haste)
   117 | D:1      | Reached skill level 1 in Dodging
   141 | D:1      | Gained mutation: You are surrounded by a mild repulsion
                  | field. (EV +2) [demonic ancestry]
   141 | D:1      | Reached XP level 2. HP: 24/24 MP: 2/2
   236 | D:1      | XOM: divination: detect items
   624 | D:2      | Identified the +2 sling of Xown {speed, rF- Dex+5}
   640 | D:2      | Found a snail-covered altar of Cheibriados.
   666 | D:2      | Gained mutation: Spells you cast may paralyse adjacent
                  | enemies. [demonic ancestry]
   666 | D:2      | Reached XP level 3. HP: 26/29 MP: 4/4
   845 | D:2      | Found Ehutidgh's Book Boutique.
   930 | D:2      | Learned a level 3 spell: Hailstorm
  1078 | D:2      | XOM: divination: magic mapping
  1285 | D:3      | Reached skill level 1 in Spellcasting
  1466 | D:3      | Found a sacrificial altar of Ru.
  1483 | D:3      | Found Sisiow's Antique Weapon Shoppe.
  1497 | D:3      | Reached skill level 1 in Unarmed Combat
  1540 | D:3      | XOM: silly message
  1564 | D:3      | Noticed an ogre
  1569 | D:3      | XOM: potion effect (brilliance)
  1573 | D:3      | XOM: potion effect (berserk rage)
  1578 | D:3      | Killed an ogre
  1579 | D:3      | Reached XP level 4. HP: 35/35 MP: 4/6
  1579 | D:3      | Gained mutation: You have sharp fingernails. [demonic
                  | ancestry]
  1579 | D:3      | Reached XP level 5. HP: 41/41 MP: 4/7
  1696 | D:3      | Found a snail-covered altar of Cheibriados.
  1699 | D:3      | Found a blossoming altar of Fedhas.
  1704 | D:3      | Found a shimmering blue altar of Sif Muna.
  1770 | D:4      | Found a staircase to the Ecumenical Temple.
  1821 | D:4      | XOM: silly message
  1965 | D:4      | Slain by a gnoll bouda

Illustrated notes

Levels and vault maps discovered:
D:1:      dreamdust_arrival_sigmund_warning, layout_basic,
          kennysheep_decorative_pillar
D:2:      layout_loops_ring, basic_altar, serial_shops, shop
D:3:      layout_rooms, lemuel_tele_altar, grunt_temple_overflow_diamond,
          serial_shops, shop
D:4:      cheibrodos_helix_gallery, layout_gridville,
          mainiacjoe_overflow_alcove_1, mainiacjoe_overflow_alcove_4,
          minmay_temple_entry_glass

Skill      XL: |  1  2  3 |
---------------+----------+-----
Dodging        | 1 |  1.5
Armour         | 2 |  2.4
Spellcasting   | 1 |  1.4
Unarmed Combat | 1 |  1.3
Axes           | 3 |  3.1
Fighting       | |  3.5
Polearms       | |  0.8
Staves         | |  0.6
Stealth        | |  0.8
Conjurations   | |  0.4
Evocations     | |  0.2

Action                     |  1- 3 |  4- 6 || total
---------------------------+-------+-------++-------
  Melee: Hand axe          |   125 |    25 ||   150
    Use: Scroll            |     2 |     5 ||     7
         Potion            |     1 |       ||     1
   Stab: Confused          |     1 |       ||     1
 Armour: Leather armour    |    64 |    17 ||    81
  Dodge: Dodged            |    93 |    27 ||   120

Table legend: (Time is in decaauts)
 A = Elapsed time spent in this place.
 B = Non-inter-level travel time spent in this place.
 C = Inter-level travel time spent in this place.
 D = Time resting spent in this place.
 E = Time spent auto-exploring this place.
 F = Levels seen in this place.
 G = Mean time per level.
                   A        B        C        D        E       F      G
               +--------+--------+--------+--------+--------+-----+--------+
         Total |   1978 |   1891 |     87 |     22 |   1496 |   4 |  494.5 |
       Dungeon |   1978 |   1891 |     87 |     22 |   1496 |   4 |  494.5 |
               +--------+--------+--------+--------+--------+-----+--------+

Top non-repeatable levels by time:
     D:2: 737 daAuts
     D:3: 555 daAuts
     D:1: 449 daAuts
     D:4: 236 daAuts
